 Dungeon Crawl Stone Soup version 0.14-a0-226-gcf818b1 (webtiles) character file.

264 Dewdirk the Chopper (level 5, -3/46 HPs)
             Began as a Minotaur Fighter on Oct 11, 2013.
             Slain by an ogre
             ... wielding a +0,+0 giant spiked club
              (15 damage)
             ... on Level 4 of the Dungeon.
             The game lasted 00:11:13 (3267 turns).

Dewdirk the Chopper (Minotaur Fighter)              Turns: 3267, Time: 00:11:14

HP  -3/46        AC  9     Str 21      XL: 5   Next: 39%
MP   1/1         EV  7     Int  5      God:
Gold 76          SH  0     Dex 10      Spells:  1 memorised,  2 levels left

Res.Fire  : . . .   See Invis. : .   a - +0 hand axe
Res.Cold  : . . .   Warding    : .   u - +0 orc chain mail
Life Prot.: . . .   Conserve   : .   (no shield)
Res.Poison: .       Res.Corr.  : .   (helmet restricted)
Res.Elec. : .       Clarity    : .   (no cloak)
Sust.Abil.: . .     Spirit.Shd : .   (no gloves)
Res.Mut.  : .       Stasis     : .   (no boots)
Res.Rott. : .       Flight     : .   (no amulet)
Saprovore : . . .                    (no ring)
                                     (no ring)

@: slightly resistant to hostile enchantments, extremely unstealthy
A: retaliatory headbutt, horns 2
a: no special abilities


You were on level 4 of the Dungeon.
You were not hungry.

You visited 1 branch of the dungeon, and saw 4 of its levels.

You collected 56 gold pieces.

Inventory:

Hand weapons
 a - a +0,+0 hand axe (weapon)
Armour
 u - a +0 orcish chain mail (worn)
Magical devices
 p - a wand of teleportation (5) {unknown}
Comestibles
 d - 3 bread rations
 j - a pear
 m - a meat ration
 r - a slice of pizza
Scrolls
 b - a scroll of fear {unknown}
 h - a scroll of amnesia {unknown}
 i - a scroll of fog {unknown}
 k - a scroll of curse jewellery {unknown}
 l - 5 scrolls of identify {unknown}
 o - 2 scrolls of recharging {unknown}
 q - 4 scrolls of remove curse {unknown}
Potions
 e - a potion of agility {unknown}
 f - 2 potions of might {unknown}
 g - a potion of curing {unknown}
 n - a potion of heal wounds {unknown}
 s - a potion of restore abilities {unknown}
Books
 t - a Young Poisoner's Handbook

   Spells                             Type                      Level
   Sting                              Conjuration/Poison           1
   *Cure Poison                       Poison                       2
   Mephitic Cloud                     Conjuration/Poison/Air       3
   Olgreb's Toxic Radiance            Poison                       4
   Venom Bolt                         Conjuration/Poison           5


   Skills:
 - Level 3.6 Fighting
 + Level 6.9 Axes
 - Level 3.6 Armour
   Level 3.6 Shields


You had 2 spell levels left.
You knew the following spells:

 Your Spells              Type           Power        Failure   Level  Hunger
a - Cure Poison           Pois           #.........   100%        2    ###....


Dungeon Overview and Level Annotations

Branches:
Dungeon (4/27)
 Temple: D:4-7

Altars:
Nemelex Xobeh
Trog

Annotations:
D:3 Antur's ghost, average HOFi
D:4 GSC ogre


Innate Abilities, Weirdness & Mutations

You reflexively headbutt those who attack you in melee.
You have a pair of horns on your head.


Message History

You hit the ogre.
The ogre is moderately wounded.
The ogre hits you with a giant spiked club!
You hit the ogre but do no damage.
The ogre is moderately wounded.
You hit the ogre.
The ogre is moderately wounded.
The ogre hits you but does no damage.
You hit the ogre. You headbutt the ogre.
The ogre is heavily wounded.
The ogre hits you with a giant spiked club!
* * * LOW HITPOINT WARNING * * *
You hit the ogre but do no damage.
You headbutt the ogre, but do no damage.
The ogre is heavily wounded.
Your chain mail prevents you from hitting the ogre.
Your headbutt misses the ogre.
The ogre is heavily wounded.
The ogre hits you with a giant spiked club!
You die...

#.###.# .....###.###
##..#.##
###.######.#. #....#
#......# #... ##...#
#......#####.
#.#######......oO..O.
#.#.. .........######
#####)#.# ##.......#
#....%#.####?...O..#
#.##..).@O.#..#o##.#
##.#.##......##.#
#.#.# #.... #.# ..#..
... ..# .###### . ###
.. ##


You could see an ogre.

Vanquished Creatures
  An eye of draining (D:3)
  An orc wizard (D:3)
  2 adders (D:2)
  A worm (D:3)
  2 grey rats (D:3)
  A giant gecko (D:3)
  2 oozes
  7 orcs
  A ball python (D:2)
  5 bats
  2 giant cockroaches
  7 hobgoblins
  4 jackals (D:2)
  6 kobolds
  4 giant newts
  7 goblins
  27 rats
  A rat skeleton (D:4)
81 creatures vanquished.

Notes
Turn   | Place    | Note
--------------------------------------------------------------
     0 | D:1      | Dewdirk, the Minotaur Fighter, began the quest for the Orb.
     0 | D:1      | Reached XP level 1. HP: 19/19 MP: 0/0
   190 | D:1      | Reached XP level 2. HP: 26/26 MP: 0/0
   629 | D:1      | Found a sparkling altar of Nemelex Xobeh.
   824 | D:1      | Reached skill level 4 in Axes
  1020 | D:2      | Reached XP level 3. HP: 33/33 MP: 1/1
  1825 | D:3      | Reached skill level 5 in Axes
  1846 | D:3      | Reached XP level 4. HP: 16/39 MP: 1/1
  1926 | D:3      | Noticed Antur's ghost (average HOFi)
  2458 | D:3      | Learned a level 2 spell: Cure Poison
  2596 | D:3      | Found a bloodstained altar of Trog.
  2951 | D:3      | Reached skill level 6 in Axes
  3125 | D:4      | Noticed an ogre
  3210 | D:3      | Reached XP level 5. HP: 46/46 MP: 0/1
  3267 | D:4      | Slain by an ogre

Action                   |  1- 3 |  4- 6 || total
-------------------------+-------+-------++-------
Melee: Hand axe          |   108 |   130 ||   238
